 Dungeon Crawl Stone Soup version 0.32-a0-22-g6ae6769602 (webtiles) character file.

Game seed: 17579994810602687108

37205 cforsyth the Warrior (level 14, -6/117 HPs)
             Began as a Djinni Alchemist on Jan 19, 2024.
             Was an Elder of the Shining One.
             Mangled by a white ugly thing (22 damage)
             ... in an ice cave.
             The game lasted 01:02:53 (24779 turns).

cforsyth the Warrior (Djinni Alchemist)            Turns: 24779, Time: 01:02:53

Health: -6/117     AC:  9    Str:  7    XL:     14   Next: 27%
Gold:   1180       EV: 16    Int: 22    God:    the Shining One [****..] SH:  0 Dex: 14

rFire   + + .        (no weapon)
rCold   . . .        (no shield)
rNeg    + + .        H - +2 leather armour {rC+}
rPois   ∞            e - +2 hat
rElec   .            (no cloak)
rCorr   .            o - +1 pair of gloves
SInv    +            (boots unavailable)
Will    +....        (no amulet)
Stlth   +            x - +5 ring of evasion
HPRegen 0.39/turn    r - ring of see invisible
MPRegen 0.00/turn

%: infuse magic (-7 HP)
@: flying, glowing
A: sickness immunity, fire resistance 2, cold vulnerability 1, float, innate
caster, HP casting, extra vitality 1
a: Renounce Religion, Divine Shield, Cleansing Flame


You were in an ice cave.
You worshipped the Shining One.
The Shining One was greatly pleased with you.
You visited 3 branches of the dungeon, and saw 17 of its levels.
You also visited: Gauntlet and Ice Cave.

You collected 1208 gold pieces.
You spent 28 gold pieces at shops.

Inventory:

Missiles
 m - 2 throwing nets
Armour
 c - a +0 troll leather armour
 e - a +2 hat (worn)
 o - a +1 pair of gloves (worn)
 v - a +2 robe of willpower
 H - a +2 leather armour of cold resistance (worn)
Magical Staves
 C - a staff of cold
 D - a staff of conjuration
Jewellery
 g - a ring of positive energy
 l - a +5 ring of evasion
 r - a ring of see invisible (right hand)
 x - a +5 ring of evasion (left hand)
 z - a ring of protection from cold
Wands
 p - a wand of flame (57)
 y - a wand of roots (20)
 A - a wand of digging (5)
 B - a wand of polymorph (18)
Scrolls
 a - a scroll of brand weapon
 h - 3 scrolls of teleportation
 k - a scroll of poison
 u - 3 scrolls of fog
 E - 2 scrolls of torment {unknown}
 F - 2 scrolls of amnesia {unknown}
 I - 2 scrolls of enchant armour
Potions
 b - 3 potions of lignification
 d - 2 potions of enlightenment
 f - 3 potions of attraction
 i - 2 potions of mutation
 j - 2 potions of curing
 n - 2 potions of berserk rage
 s - 5 potions of cancellation
 w - 2 potions of brilliance
 G - a potion of heal wounds


   Skills:
 + Level 16.8 Fighting
 - Level 2.1 Dodging
 - Level 1.5 Stealth
 + Level 13.3 Spellcasting
 + Level 13.3 Conjurations
 + Level 13.3 Hexes
 + Level 13.3 Summonings
 + Level 13.3 Necromancy
 + Level 13.3 Translocations
 + Level 13.3 Fire Magic
 + Level 13.3 Ice Magic
 + Level 13.3 Air Magic
 + Level 13.3 Earth Magic
 + Level 13.3 Alchemy


You knew the following spells:

 Your Spells              Type           Power      Damage    Failure   Level
a - Sting                 Conj/Alch      100%       1d9       1%          1
b - Mercury Vapours       Alch/Air       100%       N/A       1%          2
c - Mephitic Cloud        Conj/Alch/Air  65%        N/A       1%          3
d - Olgreb's Toxic Radia  Alch           65%        N/A       1%          4
e - Sticky Flame          Fire/Alch      65%        2d11      1%          4
f - Summon Small Mammal   Summ           100%       N/A       1%          1
g - Call Imp              Summ           100%       N/A       1%          2
h - Passwall              Erth           65%        N/A       1%          3
i - Manifold Assault      Tloc           65%        N/A       1%          4
j - Animate Armour        Summ/Erth      100%       N/A       1%          4
k - Yara's Violent Unrav  Hex/Alch       32%        3d13      1%          5
Your spell library was empty.

Dungeon Overview and Level Annotations

Branches:
Dungeon (13/15)            Temple (1/1) D:7            Lair (3/5) D:11
  Swamp (0/4) Lair:3       Spider (0/4) Lair:3          Orc (0/2) D:11
  IceCv (1/1)             Gauntlet (visited)
 Vaults: D:13-14

Altars:
Ashenzari
Cheibriados
Dithmenos
Elyvilon
Fedhas
Gozag
Hepliaklqana
Makhleb
Nemelex Xobeh
Okawaru
Qazlal
Ru
Trog
Uskayaw
Wu Jian
Xom
Yredelemnul
Zin
The Shining One

Shops:
D:6 *   D:11 (

Annotations:
D:2 1 runed translucent door, Crazy Yiuf IceCv exclusion: 2 ice statues


Innate Abilities, Weirdness & Mutations

You are immune to sickness and miasma.
You are immune to poison.
Your flesh is very heat resistant. (rF++)
You are vulnerable to cold. (rC-)
You float through the air rather than walking.
You learn spells naturally, not from books.
Your magical power is your life essence.
You have superior vitality. (+4 MHP)


Message History

Casting: Mephitic Cloud (safe; 1% risk of failure)
Confirm with . or Enter, or press ? or * to list all spells.
Aiming: Mephitic Cloud (safe; 1% risk of failure)
Press: ? - help, Shift-Dir - straight line, f/p - white ugly thing
Aim: a white ugly thing (lightly wounded, ally target, haloed, chance to affect: 43%)
The ball explodes into a vile cloud!
The stinking cloud engulfs the white ugly thing.
The white ugly thing is lightly wounded.
The stinking cloud engulfs the ice beast.
The stinking cloud engulfs the ice statue.
The white ugly thing is engulfed in noxious fumes.
The ice statue glitters chillingly in the dim dungeon light.
The ice statue gestures.
Your animated leather armour hits the ice beast but does no damage.
Your animated leather armour hits the ice beast.
You enter the transporter and appear at another place.
The white ugly thing headbutts you! The white ugly thing freezes you!!
* * * LOW HITPOINT WARNING * * *
Blink to where?
Press: ? - help, Dir - move target, p - white ugly thing
As you read the scroll of blinking, it crumbles to dust.
You feel much better.
Casting: Mephitic Cloud (safe; 1% risk of failure)
Confirm with . or Enter, or press ? or * to list all spells.
The white ugly thing headbutts your animated leather armour!
The white ugly thing freezes your animated leather armour!
The white ugly thing headbutts you. The white ugly thing freezes you!
* * * LOW HITPOINT WARNING * * *
Casting: Animate Armour (safe; 1% risk of failure)
Confirm with . or Enter, or press ? or * to list all spells.
Aiming: Sticky Flame (safe; 1% risk of failure)
Press: ? - help, Shift-Dir - straight line, f - white ugly thing
Aim: a white ugly thing (lightly wounded, ally target, haloed)
The sticky flame hits the white ugly thing.
The white ugly thing is lightly wounded.
* * * LOW HITPOINT WARNING * * *
The white ugly thing burns!
The white ugly thing headbutts you.
* * * LOW HITPOINT WARNING * * *
The white ugly thing freezes you!!
You die...

##### ####
####...### ##.§#
##........####8..#
##..........##8.Y.#
##...........#8.Y.8#
#.......8....#.[...#
#.....[.....8#...Y)#
#∩∩...@u..:©©#Y..Y$#
#.÷.........8#...?[#
#.......8....#.....#
##...........#8...8#
##..........##8...#
##........####8..#
####...### #.∩#
##### ###


You could see a white ugly thing (burning, ally target) and a friendly animated
leather armour (summoned).

Vanquished Creatures
  A minotaur (Gauntlet)
  Josephine (D:10)
  A catoblepas (Lair:1)
  A centaur warrior (D:13)
  2 boulder beetles
  6 two-headed ogres
  Erica (D:8)
  A death yak (Lair:1)
  An ugly thing (IceCv)
  A manticore (D:11)
  5 elephants (Lair:1)
  A faun (Lair:1)
  Joseph (D:8)
  4 cane toads
  2 torpor snails
  An eye of devastation (Gauntlet)
  2 rime drakes
  3 komodo dragons
  2 ice devils (Lair:3)
  A kobold demonologist (D:12)
  4 trolls
  A queen bee (Gauntlet)
  2 polar bears
  5 blink frogs
  4 dream sheep (Lair:2)
  4 slime creatures
  A vampire (D:12)
  43 yaks
  A wyvern (Lair:2)
  6 wraiths
  A basilisk (Lair:2)
  A golden eye (Gauntlet)
  Grum (D:11)
  A steam dragon (D:10)
  A death yak simulacrum (IceCv)
  Menkaure (D:6)
  A harpy simulacrum (IceCv)
  3 vampire mosquitoes
  2 acid dragons
  11 water moccasins
  4 orc warriors
  2 black bears
  4 ice beasts
  A sky beast (D:7)
  3 ogres
  8 centaurs
  17 wolves
  A phantom (D:7)
  A kobold brigand (D:10)
  11 bullfrogs
  Blork the orc (D:5)
  A gnoll sergeant (D:11)
  3 scorpions
  15 wights
  11 killer bees
  3 howler monkeys (D:10)
  6 orc priests
  4 jellies
  2 gnoll boudas
  A hound (D:6)
  A sleepcap (D:5)
  Ijyb (D:5)
  4 iguanas
  15 orc wizards
  Natasha (thrice) (D:2)
  A wolf simulacrum (IceCv)
  A polar bear simulacrum (IceCv)
  17 gnolls
  10 adders
  A shadow imp (D:6)
  6 dart slugs
  2 ribbon worms
  43 orcs
  5 endoplasms
  10 giant cockroaches
  17 goblins
  8 hobgoblins
  10 jackals
  15 kobolds
  2 quokkas
  9 ball pythons
  11 bats
  5 frilled lizards
  6 rats
434 creatures vanquished.

Vanquished Creatures (collateral kills)
  A slime creature (D:12)
  A cane toad (Lair:1)
  A wolf (Lair:2)
  A killer bee (Gauntlet)
4 creatures vanquished.

Grand Total: 438 creatures vanquished

Notes
Turn   | Place    | Note
-------+----------+-------------------------------------------
     0 | D:1      | cforsyth the Djinni Alchemist began the quest for the Orb.
     0 | D:1      | cforsyth set off with the following spells memorised:
                  | Sting, Mercury Vapours, Mephitic Cloud, Olgreb's Toxic
                  | Radiance, Sticky Flame.
     0 | D:1      | Reached XP level 1. HP: 15/15 MP: 0/0
   134 | D:1      | Reached XP level 2. HP: 8/22 MP: 0/0
   251 | D:1      | Reached skill level 1 in Fighting
   353 | D:1      | Reached XP level 3. HP: 20/27 MP: 0/0
   353 | D:1      | Learned a level 1 spell: Summon Small Mammal
   632 | D:1      | You are sucked into a shaft and drop 1 floor!
   667 | D:2      | Reached skill level 2 in Fighting
   738 | D:2      | Reached XP level 4. HP: 26/34 MP: 0/0
  1036 | D:2      | Found a runed translucent door.
  1037 | D:2      | Noticed Crazy Yiuf
  1307 | D:2      | Reached XP level 5. HP: 39/40 MP: 0/0
  1307 | D:2      | Learned a level 2 spell: Call Imp
  1356 | D:2      | Reached skill level 3 in Fighting
  1713 | D:1      | Found a faded altar of an unknown god.
  2131 | D:2      | Noticed Natasha
  2142 | D:2      | Killed Natasha
  2604 | D:2      | Noticed Natasha
  2612 | D:2      | Killed Natasha
  2613 | D:2      | Reached XP level 6. HP: 34/47 MP: 0/0
  2656 | D:2      | Noticed Natasha
  2663 | D:2      | Killed Natasha
  3203 | D:3      | Reached skill level 4 in Fighting
  3991 | D:4      | Reached XP level 7. HP: 44/53 MP: 0/0
  3991 | D:4      | Learned a level 3 spell: Passwall
  4439 | D:4      | Found a hazy altar of Hepliaklqana.
  4496 | D:4      | Reached skill level 5 in Fighting
  4496 | D:4      | Reached skill level 5 in Spellcasting
  4496 | D:4      | Reached skill level 5 in Conjurations
  4496 | D:4      | Reached skill level 5 in Hexes
  4496 | D:4      | Reached skill level 5 in Summonings
  4496 | D:4      | Reached skill level 5 in Necromancy
  4496 | D:4      | Reached skill level 5 in Translocations
  4496 | D:4      | Reached skill level 5 in Fire Magic
  4496 | D:4      | Reached skill level 5 in Ice Magic
  4496 | D:4      | Reached skill level 5 in Air Magic
  4496 | D:4      | Reached skill level 5 in Earth Magic
  4496 | D:4      | Reached skill level 5 in Alchemy
  4874 | D:5      | Entered Level 5 of the Dungeon
  5043 | D:5      | Noticed a water moccasin
  5103 | D:4      | Killed a water moccasin
  5104 | D:4      | Reached XP level 8. HP: 6/61 MP: 0/0
  5583 | D:5      | Reached skill level 6 in Fighting
  5772 | D:5      | Found a bloodstained altar of Trog.
  5850 | D:5      | Noticed Blork the orc
  5867 | D:5      | Killed Blork the orc
  5941 | D:5      | Found a basalt altar of Yredelemnul.
  6060 | D:5      | Noticed Ijyb
  6162 | D:5      | Reached skill level 7 in Fighting
  6184 | D:5      | Killed Ijyb
  6482 | D:6      | Noticed Menkaure
  6758 | D:6      | Reached XP level 9. HP: 49/68 MP: 0/0
  6758 | D:6      | Learned a level 4 spell: Manifold Assault
  6944 | D:6      | Killed Menkaure
  6945 | D:6      | Reached skill level 8 in Fighting
  7008 | D:6      | Found a glowing silver altar of Zin.
  7097 | D:6      | Found Ujerphiv's Assorted Antiques.
  7155 | D:6      | Bought a scroll labelled XUNIHUD FIUPN for 28 gold pieces
  7402 | D:6      | Found a sparkling altar of Nemelex Xobeh.
  7567 | D:7      | Found a staircase to the Ecumenical Temple.
  7857 | D:7      | Reached skill level 9 in Fighting
  8144 | D:7      | Reached XP level 10. HP: 63/78 MP: 0/0
  8252 | Temple   | Entered the Ecumenical Temple
  8267 | Temple   | Became a worshipper of the Shining One
  8652 | D:8      | Found an opulent altar of Gozag.
  8652 | D:8      | Found a snail-covered altar of Cheibriados.
  8653 | D:8      | Found a shimmering altar of Xom.
  8752 | D:8      | Noticed a two-headed ogre
  8773 | D:8      | Killed a two-headed ogre
  8774 | D:8      | Reached skill level 10 in Fighting
  8884 | D:8      | Noticed Joseph
  8897 | D:8      | Killed Joseph
  9049 | D:8      | Found a stormy altar of Qazlal.
  9455 | D:8      | Noticed Erica
  9460 | D:8      | Killed Erica
  9461 | D:8      | Reached skill level 11 in Fighting
 10009 | D:9      | Reached XP level 11. HP: 79/87 MP: 0/0
 10009 | D:9      | Learned a level 4 spell: Animate Armour
 10120 | D:9      | Reached * piety under the Shining One
 10365 | D:9      | Noticed a two-headed ogre
 10377 | D:9      | Killed a two-headed ogre
 10378 | D:9      | Reached skill level 12 in Fighting
 11213 | D:9      | Noticed a boulder beetle
 11222 | D:9      | Killed a boulder beetle
 11316 | D:10     | Entered Level 10 of the Dungeon
 11316 | D:10     | Noticed a two-headed ogre
 11663 | D:10     | Killed a two-headed ogre
 11664 | D:10     | Reached skill level 10 in Spellcasting
 11664 | D:10     | Reached skill level 10 in Conjurations
 11664 | D:10     | Reached skill level 10 in Hexes
 11664 | D:10     | Reached skill level 10 in Summonings
 11664 | D:10     | Reached skill level 10 in Necromancy
 11664 | D:10     | Reached skill level 10 in Translocations
 11664 | D:10     | Reached skill level 10 in Fire Magic
 11664 | D:10     | Reached skill level 10 in Ice Magic
 11664 | D:10     | Reached skill level 10 in Air Magic
 11664 | D:10     | Reached skill level 10 in Earth Magic
 11664 | D:10     | Reached skill level 10 in Alchemy
 12664 | D:10     | Noticed Josephine
 12804 | D:9      | HP: 4/82 [wraith[Josephine] (9)]
 13136 | D:10     | Killed Josephine
 13137 | D:10     | Reached skill level 13 in Fighting
 13670 | D:11     | Reached XP level 12. HP: 75/97 MP: 0/0
 14662 | D:11     | Found a staircase to the Lair.
 14682 | D:11     | Noticed Grum
 14709 | D:11     | Killed Grum
 15122 | D:11     | Found Vaoprar's Weapon Shoppe.
 15124 | D:11     | Found a staircase to the Orcish Mines.
 15369 | D:11     | Reached ** piety under the Shining One
 15552 | D:11     | Reached skill level 14 in Fighting
 15765 | D:11     | Noticed a two-headed ogre
 15784 | D:11     | Killed a two-headed ogre
 17354 | D:12     | Noticed a boulder beetle
 17365 | D:12     | Killed a boulder beetle
 17445 | D:12     | Noticed a two-headed ogre
 17460 | D:12     | Killed a two-headed ogre
 17632 | D:12     | Noticed a two-headed ogre
 17646 | D:12     | Killed a two-headed ogre
 17647 | D:12     | Reached XP level 13. HP: 99/106 MP: 0/0
 17647 | D:12     | Learned a level 5 spell: Yara's Violent Unravelling
 18271 | D:13     | Noticed a centaur warrior
 18271 | D:13     | Found a gate leading to a gauntlet.
 18286 | Gauntlet | Entered a Gauntlet
 18286 | Gauntlet | Found a transporter.
 18286 | Gauntlet | Found a transporter.
 18299 | Gauntlet | Found a transporter.
 18301 | Gauntlet | Found a transporter.
 18312 | Gauntlet | Found a transporter.
 18317 | Gauntlet | Found a transporter.
 18317 | Gauntlet | Noticed a blizzard demon
 18322 | Gauntlet | Found a transporter.
 18340 | Gauntlet | Found a transporter.
 18361 | Gauntlet | Found a transporter.
 18362 | Gauntlet | Found a transporter.
 18365 | Gauntlet | Reached *** piety under the Shining One
 18372 | Gauntlet | Found a transporter.
 18375 | Gauntlet | Found a transporter.
 18654 | Gauntlet | Noticed a minotaur
 18672 | Gauntlet | Killed a minotaur
 18673 | Gauntlet | Reached skill level 15 in Fighting
 18975 | D:13     | Killed a centaur warrior
 19494 | Lair:1   | Entered Level 1 of the Lair of Beasts
 19495 | Lair:1   | Noticed a catoblepas
 19560 | Lair:1   | Killed a catoblepas
 21604 | Lair:1   | Reached skill level 16 in Fighting
 23058 | Lair:2   | Reached XP level 14. HP: 47/117 MP: 0/0
 24202 | Lair:3   | Reached **** piety under the Shining One
 24255 | Lair:3   | Found a hole to the Spider Nest.
 24326 | Lair:3   | Found a frozen archway.
 24547 | IceCv    | Entered an ice cave
 24739 | IceCv    | Found a transporter.
 24750 | IceCv    | Found a transporter.
 24779 | IceCv    | Mangled by a white ugly thing

Illustrated notes

Levels and vault maps discovered:
D:1:      sevenhm_arrival_forest_fort_small_3, layout_basic,
          dilly_ecumenical_altar_fadedgnrine
D:2:      layout_basic, eino_curves_02, minmay_surrounded,
          uniq_crazy_yiuf_cottage, uniq_natasha
D:3:      layout_rooms, kennysheep_cross_bottleneck, minmay_between
D:4:      layout_gridville, gammafunk_temple_overflow_pools
D:5:      layout_rooms, mainiacjoe_overflow_chevrons,
          mainiacjoe_overflow_surrounded_room, uniq_ijyb, uniq_blork_the_orc
D:6:      layout_cave_pools, zin_academy, overflow_temple_1_default,
          serial_shops, shop, uniq_menkaure
D:7:      layout_rooms, minmay_temple_entry_tees
D:8:      layout_basic, mainiacjoe_overflow_six_doors_small,
          gammafunk_temple_overflow_forgotten, uniq_erica, uniq_joseph
D:9:      layout_roguey
D:10:     layout_layer_cave, serial_park_tiny_1, uniq_josephine
D:11:     layout_long_grid, hellmonk_lair_entry_icy, orc_david_3,
          hangedman_abyss_or_decor_clamps, hangedman_abyss_or_decor_slice,
          roderic_roman_lattice, minivault_19, uniq_grum
D:12:     layout_roguey
D:13:     layout_loops_ring, serial_shops, nicolae_shop_bloodbath_and_beyond,
          gauntlet_entry_generic, nicolae_specific_store
Temple:   hellmonk_temple_two_chambers
Lair:1:   layout_regular_city, grunt_forest_large_clearings,
          lemuel_fruit_fields, grunt_megastairs_4
Lair:2:   layout_roguey, grunt_megastairs_1
Lair:3:   layout_roguey, mainiacjoe_swamp_entry_lozenge_pond,
          spider_nest_entry_web_field, portal_ice_cave_demonic_guard
IceCv:    ice_cave_statue_garden_transporter

Skill      XL: |  1  2  3  4  5  6  7  8  9 10 11 12 13 14 |
---------------+-------------------------------------------+-----
Fighting       | 1 2 3 4 5 7 9 11 13 14 16 | 16.8
Spellcasting   | 4 5 6 7 9 10 11 12 13 | 13.3
Conjurations   | 4 5 6 7 9 10 11 12 13 | 13.3
Hexes          | 4 5 6 7 9 10 11 12 13 | 13.3
Summonings     | 4 5 6 7 9 10 11 12 13 | 13.3
Necromancy     | 4 5 6 7 9 10 11 12 13 | 13.3
Translocations | 4 5 6 7 9 10 11 12 13 | 13.3
Fire Magic     | 4 5 6 7 9 10 11 12 13 | 13.3
Ice Magic      | 4 5 6 7 9 10 11 12 13 | 13.3
Air Magic      | 4 5 6 7 9 10 11 12 13 | 13.3
Earth Magic    | 4 5 6 7 9 10 11 12 13 | 13.3
Alchemy        | 4 5 6 7 9 10 11 12 13 | 13.3
Dodging        | |  2.1
Stealth        | |  1.5

Action                     |  1- 3 |  4- 6 |  7- 9 | 10-12 | 13-15 || total
---------------------------+-------+-------+-------+-------+-------++-------
  Melee: Unarmed           |     3 |    11 |     4 |     9 |       ||    27
   Cast: Sting             |    74 |   165 |   230 |   425 |   235 ||  1129
         Mephitic Cloud    |       |       |    29 |    63 |    81 ||   173
         Call Imp          |       |       |     2 |       |       ||     2
         Mercury Vapours   |       |       |     1 |       |     2 ||     3
         Sticky Flame      |       |       |    20 |    91 |   106 ||   217
         Summon Small Mamm |       |       |     1 |       |     2 ||     3
         Animate Armour    |       |       |       |     2 |    15 ||    17
         Olgreb's Toxic Ra |       |       |       |       |     1 ||     1
    Use: Scroll            |       |     1 |       |     8 |    15 ||    24
         Potion            |       |       |       |     8 |     6 ||    14
 Armour: Robe              |    17 |    34 |    63 |   129 |    72 ||   315
         Skin              |       |       |       |    19 |     8 ||    27
         Leather armour    |       |       |       |       |    40 ||    40
  Dodge: Dodged            |    15 |    36 |    78 |   215 |   129 ||   473

Table legend: (Time is in decaauts)
 A = Elapsed time spent in this place.
 B = Non-inter-level travel time spent in this place.
 C = Inter-level travel time spent in this place.
 D = Time resting spent in this place.
 E = Time spent auto-exploring this place.
 F = Levels seen in this place.
 G = Mean time per level.
                   A        B        C        D        E       F      G
               +--------+--------+--------+--------+--------+-----+--------+
         Total |  24853 |  23868 |    985 |   5893 |  13723 |  19 | 1308.1 |
       Dungeon |  20362 |  19491 |    871 |   4885 |  11506 |  13 | 1566.3 |
        Temple |     19 |     15 |      4 |      0 |      0 |   1 |   19.0 |
          Lair |   3607 |   3497 |    110 |    531 |   2127 |   3 | 1202.3 |
      Ice Cave |    231 |    231 |      0 |    171 |      9 |   1 |  231.0 |
      Gauntlet |    631 |    631 |      0 |    306 |     80 |   1 |  631.0 |
               +--------+--------+--------+--------+--------+-----+--------+

Top non-repeatable levels by time:
    D:11: 3333 daAuts
    D:10: 2718 daAuts
     D:9: 2157 daAuts
    D:12: 1948 daAuts
     D:2: 1921 daAuts
  Lair:1: 1856 daAuts
     D:4: 1803 daAuts
  Lair:2: 1402 daAuts
     D:8: 1368 daAuts
     D:5: 1275 daAuts
     D:1: 1186 daAuts
     D:6: 1101 daAuts
     D:7: 701 daAuts
Gauntlet: 631 daAuts
     D:3: 619 daAuts
